Map: Kairos Junction LE

Players

BOOOOOOOOOoM - Winner!

  • Race: Zerg Zerg
  • League: Master
  • Spawn Location: 5:00

Reavar

  • Race: Zerg Zerg
  • Spawn Location: 11:00

VOD

Have the link to the VOD?

Description

Time

  • Played on: April 25, 2019, 7:46 a.m.
  • Length: 13:08
Show
View Real Time Build Order
Export as new Build Order

BOOOOOOOOOoM Zerg - Winner!

Build Orders: Hatch First, Zergling Baneling 

Get SALT Encoding   

  12  0:01  Drone  
  13  0:12  Overlord  
  13  0:17  Drone  
  14  0:30  Drone x2  
  16  0:39  Drone  
  17  0:53  Hatchery  
  17  0:56  Drone  
  17  0:59  Drone  
  18  1:09  Extractor  
  17  1:14  Spawning Pool  
  17  1:17  Drone  
  17  1:21  Drone  
  18  1:28  Drone  
  19  1:39  Overlord  
  19  1:51  Drone  
  20  2:00  Queen  
  22  2:02  Zergling x2  
  22  2:07  Queen  
  25  2:08  Drone  
  25  2:12  Metabolic Boost  
  25  2:13  Drone  
  27  2:19  Drone  
  28  2:32  Drone x3  
  28  2:36  Queen  
  33  2:42  Queen, Overlord  
  34  3:07  Hatchery  
  34  3:09  Baneling Nest  
  34  3:11  Zergling x2, Evolution Chamber  
  34  3:12  Zergling x4  
  34  3:25  Drone x5  
  39  3:33  Zergling x8  
  43  3:59  Drone  
  43  4:08  Baneling x5  
  41  4:15  Overlord  
  41  4:16  Overlord x2  
  41  4:20  Spine Crawler  
  40  4:24  Zergling x2  
  40  4:25  Zergling x18  
  49  4:38  Zergling x8  
  49  4:40  Baneling x3  
  49  4:41  Queen  
  49  4:55  Zergling x4  
  48  5:04  Drone x3  
  50  5:08  Drone  
  50  5:11  Hatchery  
  50  5:13  Drone x2  
  52  5:14  Baneling x2  
  48  5:25  Zergling x12  
  54  5:35  Zergling x8  
  47  5:48  Baneling x2  
  46  5:51  Queen  
  46  5:52  Queen  
  46  5:55  Baneling x2  
  46  5:56  Drone  
  52  5:57  Drone x2  
  52  6:04  Baneling x2  
  47  6:09  Drone x2  
  47  6:10  Drone x2  
  51  6:12  Extractor  
  50  6:20  Drone x5  
  54  6:37  Baneling  
  54  6:38  Baneling x2  
  52  6:49  Queen x2  
  55  6:58  Zergling x22  
  65  7:05  Drone x2  
  65  7:06  Drone  
  65  7:07  Queen  
  69  7:12  Zergling x8  
  73  7:19  Baneling x2  
  73  7:20  Baneling x6  
  73  7:21  Baneling  
  73  7:22  Zergling x2  
  74  7:24  Drone x2  
  74  7:29  Baneling x2  
  72  7:30  Baneling  
  71  7:38  Baneling x3  
  71  7:39  Drone x4  
  74  7:45  Baneling x2  
  74  7:48  Hatchery  
  74  7:50  Drone x2  
  74  7:51  Overlord x2  
  74  7:52  Overlord  
  72  8:05  Queen  
  72  8:09  Queen x2  
  72  8:11  Zergling x20  
  85  8:14  Zerg Melee Weapons Level 1  
  83  8:23  Extractor  
  83  8:24  Extractor  
  81  8:35  Zergling x20  
  90  8:47  Zergling x2  
  90  8:49  Zergling x4  
  90  8:51  Baneling x10  
  91  9:06  Drone x7  
  91  9:07  Baneling  
  91  9:08  Baneling x2  
  91  9:09  Baneling  
  98  9:12  Queen x2  
  98  9:15  Extractor  
  101  9:28  Hatchery  
  101  9:29  Drone  
  101  9:30  Drone x4  
  103  9:38  Queen  
  103  9:44  Drone  
  103  9:46  Overlord x3  
  103  9:47  Overlord  
  103  9:50  Extractor, Queen  
  103  9:53  Hatchery  
  103  9:55  Queen  
  103  9:58  Baneling x12  
  103  9:59  Baneling x4  
  104  10:09  Extractor  
  104  10:10  Extractor  
  95  10:22  Drone x4  
  95  10:24  Drone x4  
  102  10:31  Zergling x12  
  102  10:32  Zergling x2  
  101  10:44  Zergling x24  
  101  10:47  Zerg Missile Weapons Level 1  
  113  10:51  Zergling x2  
  113  10:52  Baneling  
  113  10:53  Baneling x5  
  110  10:59  Zergling x2  
  110  11:03  Baneling x20  
  110  11:04  Zergling x16  
  112  11:05  Baneling  
  112  11:06  Baneling x4  
  119  11:13  Hatchery  
  118  11:21  Baneling  
  118  11:22  Baneling x2  
  110  11:38  Drone  
  110  11:39  Drone x16  
  119  11:41  Baneling  
  119  11:42  Baneling x16  
  118  11:53  Overlord  
  118  11:54  Drone x5  
  118  11:56  Extractor  
  118  11:57  Zergling x8  
  118  12:00  Extractor  
  123  12:12  Zergling x2  
  123  12:13  Zergling x18  
  130  12:30  Baneling x4  
  130  12:31  Baneling x4  
  130  12:36  Zergling x4  
  130  12:37  Zergling x38  
  137  12:41  Baneling  
  137  12:42  Baneling x17  
  144  12:48  Zergling x6  
Show
View Real Time Build Order
Export as new Build Order

Reavar Zerg 

Build Orders: Hatch First, Zergling Baneling 

Get SALT Encoding   

  12  0:01  Drone  
  13  0:13  Overlord  
  13  0:18  Drone  
  14  0:32  Drone x2  
  16  0:49  Hatchery  
  15  0:52  Drone  
  15  0:56  Drone  
  17  1:04  Drone  
  17  1:07  Extractor  
  17  1:18  Spawning Pool  
  16  1:21  Drone  
  16  1:22  Drone  
  18  1:43  Drone x2  
  20  1:50  Drone  
  21  2:04  Queen x2  
  21  2:05  Zergling x4  
  27  2:11  Metabolic Boost  
  27  2:14  Drone  
  27  2:15  Overlord  
  28  2:35  Drone x4  
  32  2:46  Hatchery  
  31  2:57  Drone x3  
  31  2:58  Drone  
  35  3:14  Baneling Nest  
  35  3:17  Overlord x3, Drone x2  
  36  3:36  Zergling x12  
  42  3:53  Zergling x14  
  49  4:07  Zergling x8  
  49  4:09  Queen  
  55  4:13  Baneling x3  
  55  4:18  Zergling x6  
  58  4:27  Baneling x5  
  58  4:29  Zergling x2  
  58  4:30  Zergling x12  
  61  4:43  Drone x4  
  52  5:10  Baneling x3, Zergling x2  
  52  5:11  Zergling x14  
  56  5:25  Zergling x8  
  58  5:33  Zergling x4  
  49  5:50  Zergling x8  
  49  5:52  Baneling x3  
  52  5:57  Evolution Chamber  
  52  6:04  Baneling  
  50  6:07  Roach Warren  
  49  6:15  Drone  
  50  6:19  Drone x4  
  50  6:20  Drone  
  55  6:26  Hatchery  
  55  6:27  Baneling x2  
  47  6:47  Drone x9  
  56  7:01  Drone x3  
  56  7:02  Drone  
  56  7:05  Baneling  
  56  7:06  Baneling x2  
  56  7:08  Extractor  
  54  7:09  Extractor  
  54  7:15  Zergling x2  
  54  7:16  Zergling x6  
  54  7:19  Baneling  
  54  7:21  Zergling x2  
  58  7:25  Hatchery  
  53  7:54  Zergling x4  
  53  7:55  Zergling x20  
  44  8:22  Drone x2  
  44  8:23  Drone x3  
  44  8:26  Baneling  
  46  8:44  Zergling x6  
  46  8:45  Zergling x24  
  55  8:51  Zergling x2  
  53  8:56  Zergling x2  
  53  8:57  Zergling x6  
  53  8:58  Zerg Melee Weapons Level 1  
  53  9:00  Roach x2  
  59  9:10  Extractor  
  59  9:11  Drone x2  
  59  9:12  Drone  
  53  9:37  Zergling x26  
  54  9:46  Spine Crawler  
  54  9:49  Spine Crawler  
  52  9:53  Zergling x2  
  52  9:54  Zergling x14  
  60  10:02  Roach x2  
  64  10:13  Baneling x6  
  59  10:14  Zergling x2  
  59  10:15  Zergling x6  
  61  10:27  Zergling x2  
  61  10:28  Zergling x4  
  64  10:30  Overlord x5  
  63  11:01  Baneling x26  
  63  11:02  Baneling x10, Zergling x2  
  63  11:03  Zergling x20  
  74  11:20  Hatchery  
  43  11:43  Zergling x20  
  52  11:54  Roach x2  
  35  12:46  Roach Warren  
Tags
 
Add a new tag
Caveats
  • Supply blocks, unpowered buildings, or Contaminate may cause inaccurate times.
  • Supply counts are checked every 10 seconds.